 Dungeon Crawl Stone Soup version 0.29.1-13-g9f3cf754e1 (webtiles) character file.

Game seed: 9634121723974681221

5 DemonSlayer the Digger (level 1, -1/13 HPs)
             Began as a Demonspawn Earth Elementalist on Feb 12, 2023.
             Slain by a kobold
             ... wielding a +0 dagger
              (4 damage)
             ... on level 1 of the Dungeon.
             The game lasted 00:00:35 (222 turns).

DemonSlayer the Digger (DsEE)                        Turns: 222, Time: 00:00:35

Health: -1/13      AC:  2    Str:  8    XL:     1   Next: 66%
Magic:  0/3        EV: 12    Int: 16    God:
Gold:   19         SH:  0    Dex: 13    Spells: 3/4 levels left

rFire   . . .      SeeInvis .   (no weapon)
rCold   . . .      Faith    .   (no shield)
rNeg    . . .      Spirit   .   a - +0 robe
rPois   .          Reflect  .   (no helmet)
rElec   .          Harm     .   (no cloak)
rCorr   .          Rampage  .   (no gloves)
Will    .....                   (no boots)
Stlth   ++........              (no amulet)
HPRegen 0.04/turn               (no ring)
MPRegen 0.08/turn               (no ring)

@: no status effects
A: no striking features
a: no special abilities


You were on level 1 of the Dungeon.
You visited 1 branch of the dungeon, and saw 1 of its levels.

You collected 19 gold pieces.

Inventory:

Armour
 a - a +0 robe (worn)
Scrolls
 c - a scroll of identify
 d - a scroll of noise


   Skills:
 + Level 1.9 Dodging
 + Level 1.7 Stealth
 + Level 2.1 Spellcasting
 + Level 0.8 Transmutations
 + Level 2.9 Earth Magic


You had 3 spell levels left.
You knew the following spells:

 Your Spells              Type           Power      Damage    Failure   Level
a - Sandblast             Erth           22%        2d7       6%          1

Your spell library contained the following spells:

 Spells                   Type           Power      Damage    Failure   Level
 Passwall                 Tmut/Erth      5%         N/A       14%         2
 Stone Arrow              Conj/Erth      12%        3d7       34%         3
 Petrify                  Tmut/Erth      7%         N/A       67%         4


Dungeon Overview and Level Annotations

Branches:
Dungeon (1/15)

Altars:


Message History

A hobgoblin is nearby!
You can't see any susceptible monsters within range! (Use Z to cast anyway.)
The hobgoblin shouts!
You hear a shout!
The blast of sand hits the hobgoblin.
The hobgoblin is almost dead.
The hobgoblin hits you.
The blast of sand hits the hobgoblin!
You kill the hobgoblin!
You can't see any susceptible monsters within range! (Use Z to cast anyway.) No target in view!
HP restored.
You see here a hobgoblin corpse.
A kobold comes into view. It is wielding a +0 dagger.
A kobold is nearby!
A kobold is nearby!
A kobold is nearby!
The kobold shouts!
You can't see any susceptible monsters within range! (Use Z to cast anyway.)
You can't see any susceptible monsters within range! (Use Z to cast anyway.)
The blast of sand hits the kobold but does no damage.
The blast of sand hits the kobold but does no damage.
The kobold misses you.
The blast of sand misses the kobold.
The kobold hits you with a +0 dagger. Magic courses through your body.
The kobold hits you with a +0 dagger.
The blast of sand hits the kobold.
The kobold is moderately wounded.
The kobold closely misses you. The kobold barely misses you.
The blast of sand hits the kobold but does no damage.
The kobold is moderately wounded.
The kobold barely misses you.
The blast of sand misses the kobold.
The kobold hits you with a +0 dagger. x2
* * * LOW HITPOINT WARNING * * *
As you read the scroll labelled HEGHUOSENAU, it crumbles to dust.
It is a scroll of identify.
d - a scroll of noise The kobold barely misses you.
You aren't carrying any potions.
Unknown command.
The kobold attacks as you move away! The kobold hits you with a +0 dagger.
You die...

###############
#.............#
#.....†.......#
#.†##########.########
#..# #.....#.........
#..# #.###..@K.......
#..# ##.#####..######.
#..# #.........# #..#
#.........# #..#
#.........# #..#
#.........###
#..###............
#...............#
#...............# .#


You could see a kobold.

Vanquished Creatures
  A ball python (D:1)
  3 hobgoblins (D:1)
4 creatures vanquished.

Notes
Turn   | Place    | Note
-------+----------+-------------------------------------------
     0 | D:1      | DemonSlayer the Demonspawn Earth Elementalist began the
                  | quest for the Orb.
     0 | D:1      | Reached XP level 1. HP: 13/13 MP: 3/3
   222 | D:1      | Slain by a kobold

Illustrated notes

Levels and vault maps discovered:
D:1:      psy_arrival_conway, layout_loops_ring,
          hellmonk_ecumenical_altar_zigzags

Action                   || total
-------------------------++-------
Melee: Unarmed           ||     1
 Cast: Sandblast         ||    11
  Use: Scroll            ||     1
       Potion            ||     1
Dodge: Dodged            ||     5
